 Dungeon Crawl Stone Soup version 0.19.0-22-gd96e5fe (webtiles) character file.

1199 Firecrotchwizard the Slicer (level 8, -4/54 HPs)
             Began as a Halfling Fighter on Nov 18, 2016.
             Was an Initiate of Okawaru.
             Killed by divine providence
             ... invoked by an orc priest
              (14 damage)
             ... on level 5 of the Dungeon.
             The game lasted 00:14:56 (4847 turns).

Firecrotchwizard the Slicer (Halfling Fighter)      Turns: 4847, Time: 00:14:58

Health: -4/54      AC: 15    Str: 19    XL:     8   Next: 72%
Magic:  8/8        EV:  6    Int:  6    God:    Okawaru [......]
Gold:   275        SH: 10    Dex: 14    Spells: 0 memorised, 7 levels left

rFire  . . .     SeeInvis .     k - +3 dagger
rCold  . . .     Gourm    .     r - +0 plate armour
rNeg   . . .     Faith    .     c - +0 shield
rPois  .         Spirit   .     I - +2 hat
rElec  .         Reflect  .     t - +0 cloak
rCorr  .         Harm     .     (no gloves)
MR     .....                    (no boots)
Stlth  ..........               (no amulet)
                                (no ring)
                                (no ring)

@: lethally poisoned (-4 -> -20)
A: mutation resistance 1
a: Renounce Religion


You were on level 5 of the Dungeon.
You worshipped Okawaru.
Okawaru was noncommittal.
You were hungry.

You visited 2 branches of the dungeon, and saw 6 of its levels.

You collected 275 gold pieces.

Inventory:

Hand Weapons
 k - a +3 dagger (weapon)
 p - a +1 hand crossbow of flaming
 u - a +0 hunting sling
Missiles
 a - a throwing net
 b - 18 stones (quivered)
Armour
 c - a +0 shield (worn)
 r - a +0 plate armour (worn)
 t - a +0 cloak (worn)
 I - a +2 hat (worn)
Wands
 y - a wand of flame (26/48)
Scrolls
 e - 2 scrolls of remove curse
 g - a scroll of blinking {unknown}
 h - a scroll of magic mapping {unknown}
 m - 3 scrolls of identify
 o - a scroll of immolation {unknown}
 v - a scroll of fear {unknown}
 w - a scroll of amnesia {unknown}
 z - 2 scrolls of enchant weapon {unknown}
 E - 4 scrolls of fog {unknown}
 G - a scroll of enchant armour {unknown}
 H - a scroll of teleportation {unknown}
Potions
 d - a potion of might
 i - 4 potions of curing
 l - a potion of invisibility {unknown}
 n - a potion of brilliance {unknown}
 q - a potion of berserk rage {unknown}
 C - a potion of lignification {unknown}
 D - a potion of flight {unknown}
 F - a potion of cancellation {unknown}
Books
 B - a book of Misfortune

   Spells                             Type                      Level
   a - Confusing Touch                Hexes                        1
   b - Confuse                        Hexes                        3
   c - Gell's Gravitas                Hexes/Translocation          3
   d - Petrify                        Transmutation/Earth          4
   e - Metabolic Englaciation         Hexes/Ice                    5
   f - Yara's Violent Unravelling     Hexes/Transmutation          5
Comestibles
 f - 6 bread rations
 j - a beef jerky
 s - 3 chunks of flesh
 x - 3 fruits


   Skills:
 * Level 4.4 Fighting
 * Level 8.5 Short Blades
 + Level 1.9 Slings
 + Level 5.2 Armour
 + Level 1.0 Dodging
 + Level 5.5 Shields


You had 7 spell levels left.
You didn't know any spells.

Dungeon Overview and Level Annotations

Branches:
Dungeon (5/15)             Temple (1/1) D:5

Altars:
Ashenzari
Cheibriados
Elyvilon
Fedhas
Kikubaaqudgha
Makhleb
Nemelex Xobeh
Okawaru
Ru
Trog
Vehumet
Xom
Zin


Innate Abilities, Weirdness & Mutations

You are small and have problems with some larger weapons.
You are somewhat resistant to further mutation.


Message History

The orc priest hits you but does no damage.
You are more poisoned.
The orc hits you but does no damage. You block the quokka's attack.
You hit the orc priest.
The orc priest is heavily wounded.
You feel sick.
You hit the orc priest.
The orc priest is severely wounded.
You feel sick.
The orc priest invokes the aid of Beogh against you.
Beogh smites you!
* * * LOW HITPOINT WARNING * * *
You block the quokka's attack. You block the orc's attack.
You hit the orc priest but do no damage.
The orc priest is severely wounded.
* * * LOW HITPOINT WARNING * * *
You feel sick. You block the quokka's attack.
The orc priest calls down the wrath of Beogh upon you.
Beogh smites you!
You die...

########.# .. ....>.##.#
######.#? ......##.#
#........ ......##.#
#......#. ..)......#
#........
..))..##########......#.
...............(........
####....#######........#
....>.........#o@......#
.####...#####.#or.......
..............#.#+###...
###############.# #.
..#.....# #.# #.#.###.#
... ..#...#.# ...
#######.# >... ........#


You could see an orc priest, an orc and a quokka.

Vanquished Creatures
  A sky beast (D:5)
  2 phantoms
  Blork the orc (D:4)
  A scorpion (D:5)
  A howler monkey (D:4)
  3 hounds
  4 orc priests
  5 orc wizards
  A bullfrog skeleton (D:5)
  3 worker ants
  Robin (D:3)
  11 gnolls
  9 adders
  4 worms
  2 dart slugs
  4 leopard geckos
  14 orcs
  3 giant cockroaches
  18 goblins
  5 hobgoblins
  6 kobolds
  5 quokkas
  3 ball pythons
  9 bats
  2 frilled lizards
  A giant cockroach zombie (D:5)
  A leopard gecko zombie (D:5)
  7 rats
127 creatures vanquished.

Notes
Turn   | Place    | Note
-------+----------+-------------------------------------------
     0 | D:1      | Firecrotchwizard the Halfling Fighter began the quest for the Orb.
     0 | D:1      | Reached XP level 1. HP: 15/15 MP: 1/1
   143 | D:1      | Reached XP level 2. HP: 21/21 MP: 2/2
   767 | D:2      | Reached XP level 3. HP: 21/26 MP: 3/3
   946 | D:2      | Reached skill level 3 in Short Blades
  1418 | D:2      | Reached XP level 4. HP: 31/31 MP: 4/4
  1670 | D:3      | Found a shimmering altar of Xom.
  1670 | D:3      | Found a glowing silver altar of Zin.
  1670 | D:3      | Noticed an angel
  1724 | D:3      | Reached XP level 5. HP: 33/36 MP: 5/5
  1783 | D:3      | Reached skill level 4 in Short Blades
  2055 | D:3      | Noticed Robin
  2085 | D:3      | Killed Robin
  2159 | D:3      | Noticed a phantom
  2185 | D:3      | Killed a phantom
  2185 | D:3      | Reached skill level 5 in Short Blades
  2185 | D:3      | Reached XP level 6. HP: 32/42 MP: 6/6
  2513 | D:3      | Reached skill level 6 in Short Blades
  2725 | D:3      | Reached XP level 7. HP: 46/46 MP: 7/7
  3022 | D:4      | Reached skill level 7 in Short Blades
  3047 | D:4      | Found an ancient bone altar of Kikubaaqudgha.
  3146 | D:4      | Noticed Blork the orc
  3166 | D:4      | Killed Blork the orc
  3166 | D:4      | Reached skill level 5 in Shields
  3435 | D:4      | Reached XP level 8. HP: 50/54 MP: 8/8
  3731 | D:5      | Entered Level 5 of the Dungeon
  4229 | D:5      | Reached skill level 8 in Short Blades
  4418 | D:5      | Reached skill level 5 in Armour
  4459 | D:5      | Found a staircase to the Ecumenical Temple.
  4486 | D:5      | Reached skill level 1 in Slings
  4511 | Temple   | Entered the Ecumenical Temple
  4558 | Temple   | Became a worshipper of Warmaster Okawaru
  4693 | D:5      | Reached skill level 1 in Dodging
  4847 | D:5      | Killed from afar by an orc priest

Skill      XL: |  1  2  3  4  5  6  7  8 |
---------------+-------------------------+-----
Fighting       | 3 4 |  4.4
Short Blades   | 3 5 6 7 8 |  8.5
Armour         | 4 5 |  5.2
Shields        | 4 5 |  5.5
Slings         | 1 |  1.9
Dodging        | 1 |  1.0

Action                   |  1- 3 |  4- 6 |  7- 9 || total
-------------------------+-------+-------+-------++-------
Melee: Rapier            |   116 |   209 |    47 ||   372
       Dagger            |       |       |   297 ||   297
 Fire: Hunting sling     |       |       |    42 ||    42
  Use: Scroll            |     4 |     1 |       ||     5
       Potion            |       |       |     1 ||     1
  Eat: Chunk             |     1 |     3 |     1 ||     5
       Royal jelly       |       |     1 |       ||     1
       Meat ration       |       |       |     1 ||     1
       Fruit             |       |       |     1 ||     1
Armor: Scale mail        |    38 |       |       ||    38
       Plate armour      |     9 |   109 |   141 ||   259
Dodge: Dodged            |    36 |    26 |    49 ||   111
Block: Shield            |    52 |    95 |   118 ||   265
